 Dungeon Crawl Stone Soup version 0.20-a0-738-gb057e68 (webtiles) character file.

9146 KristoblXynda the Cleaver (level 11, -3/126 HPs)
             Began as a Green Draconian Gladiator on Feb 23, 2017.
             Was a Believer of Ashenzari.
             Slain by Urug
             ... wielding a +1 eveningstar of protection
              (11 damage)
             ... on level 10 of the Dungeon.
             The game lasted 00:26:00 (10196 turns).

KristoblXynda the Cleaver (DrGl)                   Turns: 10196, Time: 00:26:01

Health: -3/126     AC: 25    Str: 22    XL:     11   Next: 19%
Magic:  14/14      EV:  2    Int: 10    God:    Ashenzari [**....]
Gold:   104        SH:  0    Dex: 18    Spells: 6/10 levels left

rFire    . . .     SeeInvis .   a - +4 war axe
rCold    . . .     Gourm    .   (armour unavailable)
rNeg     + + +     Faith    +   (no shield)
rPois    +         Spirit   .   (helmet currently unavailable)
rElec    .         Reflect  .   (cloak currently unavailable)
rCorr    .         Harm     .   (gloves currently unavailable)
MR       .....     NoTele   +   (boots currently unavailable)
Stlth    ++........             j - amulet of faith
Regen    0.4/turn               g - ring "Duell" {rPois Dex+5 Stlth+} (curse)
MPRegen  0.2/turn               d - ring "Gafa" {rN+ Str+4 Stlth-} (curse)

@: tree-form
A: (breathe noxious fumes), unfitting armour, (poison resistance),
(cold-blooded), AC +7
a: Curse Item, Scrying, Renounce Religion


You were on level 10 of the Dungeon.
You worshipped Ashenzari.
Ashenzari was pleased with you.
You were not hungry.
You were a tree.
You visited 2 branches of the dungeon, and saw 11 of its levels.

You collected 524 gold pieces.
You spent 420 gold pieces at shops.

Inventory:

Hand Weapons
 a - a +4 war axe (weapon)
Missiles
 c - 5 throwing nets (quivered)
Armour
 b - a +0 hat (melded)
 h - a +0 cloak (melded)
 t - a +1 pair of boots (melded)
Jewellery
 d - the cursed ring "Gafa" (left branch) {rN+ Str+4 Stlth-}
   (You found it on level 10 of the Dungeon)

   [ring of loudness]

   It affects your strength (+4).
   It protects you from negative energy.
   It makes you less stealthy.
   It has a curse placed upon it.
 g - the cursed ring "Duell" (right branch) {rPois Dex+5 Stlth+}
   (You found it on level 4 of the Dungeon)

   [ring of stealth]

   It affects your dexterity (+5).
   It protects you from poison.
   It makes you more stealthy.
   It has a curse placed upon it.
 i - an uncursed ring of stealth
 j - an amulet of faith (around neck)
 v - a +5 ring of dexterity
Wands
 y - a wand of confusion (34/48)
 F - a wand of random effects (18/48)
Scrolls
 e - 2 scrolls of identify
 f - 5 scrolls of amnesia
 m - 2 scrolls of fog
 n - 3 scrolls of teleportation
 q - 2 scrolls of enchant weapon
 r - 2 scrolls of enchant armour
 s - a scroll of immolation
Potions
 k - 3 potions of resistance
 o - a potion of brilliance
 u - 2 potions of flight
 x - 2 potions of lignification
 A - a potion of magic
 B - a potion of curing
Books
 C - a book of Conjurations

   Spells                             Type                      Level
   a - Magic Dart                     Conjuration                  1
   b - Searing Ray                    Conjuration                  2
   c - Dazzling Spray                 Conjuration/Hexes            3
   d - Fulminant Prism                Conjuration/Hexes            4
   e - Force Lance                    Conjuration/Translocation    4
   f - Iskenderun's Mystic Blast      Conjuration                  4
Comestibles
 l - 28 fruits
 p - a meat ration
 w - a royal jelly
 z - 3 bread rations


   Skills:
 + Level 4.0 Fighting
 - Level 12.5 Axes
 - Level 2.1 Throwing
 + Level 9.9 Dodging
 + Level 2.9(4.2) Conjurations
 - Level 4.6(6.0) Evocations


You had 6 spell levels left.
You knew the following spells:

 Your Spells              Type           Power        Failure   Level  Hunger
a - Force Lance           Conj/Tloc      #.......     98%         4    #####..


Dungeon Overview and Level Annotations

Branches:
Dungeon (10/15)            Temple (1/1) D:4            Lair (0/6) D:10
    Orc: D:9-12

Altars:
Ashenzari
Cheibriados
Dithmenos
Elyvilon
Fedhas
Gozag
Hepliaklqana
Kikubaaqudgha
Makhleb
Nemelex Xobeh
Okawaru
Qazlal
Ru
Sif Muna
Trog
Uskayaw
Vehumet
Wu Jian
Xom
Yredelemnul
Zin
The Shining One

Shops:
D:6 [   D:10 *

Annotations:
D:10 Maurice, Urug


Innate Abilities, Weirdness & Mutations

((You can breathe blasts of noxious fumes.))
((Your lurid green scales are hard. (AC +7)))
You cannot fit into any form of body armour.
((Your system is resistant to poisons. (rPois)))
((You are cold-blooded and may be slowed by cold attacks.))


Message History

Press: ? - help, Shift-Dir - straight line, f/p - Urug
Aim: Urug, wielding an eveningstar of protection, wearing a chain mail and quivering 4 javelins of penetration (severely wounded, confused, fleeing, chance to defeat MR: 47%) Urug resists with some effort.
This wand has 34 charges left.
Urug hits you with an eveningstar of protection!!
* * * LOW HITPOINT WARNING * * *
Okay, then.
Okay, then.
You cannot teleport because you are held in place by your roots.
Unknown command.
Urug hits you but does no damage.
Evoke which item? (* to show all) (? for menu, Esc to quit)
Aiming: Random Effects (will waste charges)
Press: ? - help, Shift-Dir - straight line, f/p - Urug
Aim: Urug, wielding an eveningstar of protection, wearing a chain mail and quivering 4 javelins of penetration (heavily wounded, confused, fleeing)
The bolt of poison hits Urug.
Urug is almost dead.
Evoking this partially-identified wand wasted a few charges.
You hear a shout!
Urug hits you with an eveningstar of protection!
You die...

* *#. ,* ##.## * , #. * *
*#####...##### * ##.*,*
.......#..##.. .., ,
######....##.# * #. #
##.#.##.# #.####.# #.#.##.#
#.###.g....# #.#....#
#.......############.######
#######..o♣..........#
################


You could see Urug (confused).

Vanquished Creatures
  4 two-headed ogres
  An unseen horror (D:10)
  Joseph (D:7)
  2 trolls (D:10)
  A hippogriff (D:8)
  2 wraiths (D:10)
  3 yaks (D:10)
  A wyvern (D:10)
  A water moccasin (D:10)
  The ghost of nono the Sneak, an amateur VSNe (D:3)
  Duvessa (D:4)
  2 orc warriors
  An ice beast (D:10)
  3 sky beasts
  5 ogres
  5 phantoms
  An eye of draining (D:8)
  4 centaurs
  2 big kobolds
  Blork the orc (D:6)
  6 bullfrogs
  A water moccasin zombie (D:8)
  A scorpion (D:6)
  Dowan (D:4)
  4 killer bees (D:7)
  A jelly (D:9)
  A bullfrog zombie (D:8)
  A howler monkey (D:10)
  3 crimson imps
  3 quasits
  3 hounds
  9 orc wizards
  4 orc priests
  2 bullfrog skeletons
  2 centaur skeletons
  2 iguanas
  Jessica (D:2)
  4 worker ants
  2 hound skeletons
  Robin (D:3)
  11 adders
  6 gnolls
  2 shadow imps
  2 adder zombies
  A worm (D:3)
  2 dart slugs
  8 leopard geckos
  30 orcs
  4 giant cockroaches
  19 goblins
  12 hobgoblins
  9 jackals
  4 quokkas
  2 ball pythons
  A ball python skeleton (D:6)
  5 bats
  7 frilled lizards
  A giant cockroach zombie (D:3)
  12 kobolds
  A leopard gecko skeleton (D:4)
  A quokka skeleton (D:5)
  9 rats
243 creatures vanquished.

Vanquished Creatures (others)
  An orc (D:10)
1 creature vanquished.

Grand Total: 244 creatures vanquished

Notes
Turn   | Place    | Note
-------+----------+-------------------------------------------
     0 | D:1      | KristoblXynda the Draconian Gladiator began the quest for the Orb.
     0 | D:1      | Reached XP level 1. HP: 17/17 MP: 1/1
    63 | D:1      | Reached XP level 2. HP: 23/24 MP: 2/2
   449 | D:2      | Noticed Jessica
   865 | D:1      | Reached XP level 3. HP: 29/29 MP: 3/3
  1076 | D:2      | Reached skill level 4 in Axes
  1093 | D:2      | Reached XP level 4. HP: 14/36 MP: 4/4
  1454 | D:2      | Killed Jessica
  1608 | D:2      | Found an ancient bone altar of Kikubaaqudgha.
  1866 | D:2      | Reached XP level 5. HP: 26/41 MP: 5/5
  1965 | D:3      | Noticed nono's ghost (amateur VSNe)
  2030 | D:3      | Reached skill level 5 in Axes
  2341 | D:3      | Killed nono's ghost
  2341 | D:3      | Reached XP level 6. HP: 22/48 MP: 6/6
  2645 | D:3      | Reached skill level 6 in Axes
  2661 | D:3      | Noticed Robin
  2669 | D:3      | Killed Robin
  3231 | D:3      | Found a sparkling altar of Nemelex Xobeh.
  3334 | D:4      | Your scales start taking on a lurid green colour.
  3334 | D:4      | Reached XP level 7. HP: 35/55 MP: 7/7
  3334 | D:4      | Gained mutation: Your system is resistant to poisons. (rPois) [Green Draconian growth]
  3342 | D:4      | Reached skill level 7 in Axes
  3591 | D:4      | Noticed Duvessa
  3591 | D:4      | Noticed Dowan
  3619 | D:4      | Killed Dowan
  3647 | D:4      | Killed Duvessa
  3989 | D:4      | Reached skill level 5 in Dodging
  4175 | D:4      | Got a twitching glass ring
  4235 | D:4      | Found a staircase to the Ecumenical Temple.
  4361 | Temple   | Entered the Ecumenical Temple
  4529 | Temple   | Became a worshipper of Ashenzari the Shackled
  4529 | Temple   | Identified the ring "Duell" {rPois Dex+5 Stlth+} (You found it on level 4 of the Dungeon)
  4661 | D:4      | Reached skill level 8 in Axes
  4773 | D:5      | Entered Level 5 of the Dungeon
  4785 | D:5      | Reached XP level 8. HP: 58/61 MP: 8/8
  5459 | D:6      | Reached skill level 9 in Axes
  6061 | D:6      | Noticed Blork the orc
  6079 | D:6      | Killed Blork the orc
  6189 | D:6      | Found Voiciczeli's Armour Boutique.
  6194 | D:6      | Reached * piety under Ashenzari
  6287 | D:6      | Found an iron altar of Okawaru.
  6402 | D:6      | Reached skill level 10 in Axes
  6545 | D:7      | Reached XP level 9. HP: 56/67 MP: 9/9
  6948 | D:7      | Found a stormy altar of Qazlal.
  6976 | D:7      | Found an opulent altar of Gozag.
  7036 | D:7      | Noticed Joseph
  7053 | D:7      | Killed Joseph
  7053 | D:7      | Reached skill level 11 in Axes
  7323 | D:8      | Noticed a two-headed ogre
  7348 | D:8      | Killed a two-headed ogre
  7363 | D:8      | Noticed a two-headed ogre
  7376 | D:8      | Killed a two-headed ogre
  7376 | D:8      | Reached skill level 12 in Axes
  7376 | D:8      | Reached XP level 10. HP: 20/73 MP: 10/10
  7966 | D:8      | Reached ** piety under Ashenzari
  8101 | D:8      | Found a hazy altar of Hepliaklqana.
  8107 | D:8      | Found an iron altar of Okawaru.
  8298 | D:9      | Found a burning altar of Makhleb.
  8357 | D:9      | Reached skill level 1 in Evocations
  8496 | D:9      | Found a deep blue altar of Sif Muna.
  8852 | D:10     | Entered Level 10 of the Dungeon
  8890 | D:10     | Identified the ring "Gafa" {rN+ Str+4 Stlth-}
  8971 | D:10     | Noticed a two-headed ogre
  8980 | D:10     | Killed a two-headed ogre
  9027 | D:10     | Found Vuluddeana's Demolitions Depot.
  9082 | D:10     | Bought a book of Conjurations for 420 gold pieces
  9394 | D:10     | Learned a level 4 spell: Force Lance
  9476 | D:10     | Reached skill level 1 in Conjurations
  9544 | D:10     | Killed an unseen horror
  9544 | D:10     | Reached XP level 11. HP: 20/82 MP: 14/14
  9827 | D:10     | Noticed a two-headed ogre
  9841 | D:10     | Killed a two-headed ogre
 10042 | D:10     | Found a staircase to the Lair.
 10155 | D:10     | Noticed Urug
 10162 | D:10     | Noticed Maurice
 10192 | D:10     | HP: 6/126 [Urug/eveningstar of protection (22)]
 10196 | D:10     | Slain by Urug

Vault maps used:
D:1:      mainiacjoe_arrival_reflecting_pool
D:2:      kiku_gazebo_garden_becter, serial_glass, glass_columns_b,
          glass_columns_a, glass_columns_a, glass_columns_a, glass_columns_a,
          glass_columns_a, glass_columns_a, glass_columns_a, glass_columns_b,
          glass_columns_a, first_bread, uniq_jessica
D:3:      grunt_nemelex_the_gamble, uniq_robin
D:4:      minmay_temple_entry_fiery, minmay_door_square, uniq_duvessa
D:6:      serial_shops, shop, okawaru_trees_1, uniq_blork_the_orc
D:7:      grunt_temple_overflow_open, serial_bayou_pond_a, uniq_joseph
D:8:      amethyst_overflow_temple_binary, blue_anna_alchemist
D:9:      old_standard_altar, basic_altar, dk_noncrumbling_2, kennysheep_doodads
D:10:     lair_entry_dummy, nicolae_blasting_shop, uniq_urug, uniq_maurice
Temple:   regret_index_temple_sphere_string

Skill      XL: |  1  2  3  4  5  6  7  8  9 10 11 |
---------------+----------------------------------+-----
Throwing       | 2 |  2.1
Dodging        | 3 4 5 6 8 9 |  9.9
Axes           | 4 5 6 8 10 12 | 12.5
Evocations     | 4 |  4.6
Conjurations   | 1 2 |  2.9
Fighting       | 3 4 |  4.0

Action                   |  1- 3 |  4- 6 |  7- 9 | 10-12 || total
-------------------------+-------+-------+-------+-------++-------
Melee: War axe           |    97 |   170 |   320 |   245 ||   832
       Tailslap          |     9 |    18 |    47 |    58 ||   132
Invok: Curse Item        |       |       |     1 |     1 ||     2
 Abil: Breathe Noxious F |       |       |     8 |     7 ||    15
Evoke: Wand              |       |       |       |     5 ||     5
  Use: Scroll            |       |    12 |     8 |     6 ||    26
       Potion            |       |     3 |     2 |     1 ||     6
 Stab: Sleeping          |     1 |     2 |     7 |     3 ||    13
       Confused          |       |       |     7 |     8 ||    15
       Invisible         |       |       |     9 |       ||     9
       Distracted        |       |       |       |     1 ||     1
  Eat: Chunk             |     1 |     6 |     8 |     9 ||    24
       Fruit             |       |     1 |     4 |     3 ||     8
       Royal jelly       |       |       |     1 |       ||     1
Armor: Skin              |    27 |    68 |    74 |    55 ||   224
Dodge: Dodged            |    90 |   157 |   284 |   176 ||   707
